[ AOE2 MATCH · #495298003 ]
UnrankedLithuanians vs Sicilians
Player's team · WIN
Rival team · LOSS
[ REPLAY ANALYSIS · EXTRACTED FROM THE RECORDED GAME ]
Feudal
9:00
Castle
18:01
Imperial
—
| APM avg | 64.2 |
| APM peak | 104 |
| eAPM avg | 32.3 |
| Villagers / military | 76 / 45 |
Focus
⚔️ 43.7% · 🌾 56.3%
Archer ×30 · Monk ×5 · Spearman ×5 · Mangonel ×4 · Skirmisher ×1
Feudal
8:51
Castle
19:23
Imperial
—
| APM avg | 57.8 |
| APM peak | 100 |
| eAPM avg | 20.2 |
| Villagers / military | 61 / 21 |
Focus
⚔️ 32.3% · 🌾 67.7%
Skirmisher ×14 · Scout Cavalry ×4 · Knight ×2 · Spearman ×1
Match map
Initial resources + every placement click. Lines = walls · curves = elevation contours. ◆ gold · ⬟ stone · ● berries · ✦ relic · ◌ wall gap
Your base· ✓ Closed at 18:01 · 45t walls · no gate
Moneimon's base· Open — opponent sealed themselves in
Smoothed initial terrain · ◌ = detected wall gap · hover for details
Inputs per minute
— LE | Dimo - - Moneimon
Build order — LE | Dimo
First 150 of 242 actions detected
| 0:00 | Create | Villager (Male) |
| 0:01 | Build | House |
| 0:02 | Create | Villager (Male) |
| 0:04 | Create | Villager (Male) |
| 0:05 | Build | House |
| 0:09 | Create | Villager (Male) |
| 0:09 | Create | Villager (Male) |
| 0:10 | Create | Villager (Male) |
| 1:25 | Create | Villager (Male) |
| 1:25 | Create | Villager (Male) |
| 1:58 | Create | Villager (Male) |
| 1:58 | Create | Villager (Male) |
| 2:12 | Create | Villager (Male) |
| 2:12 | Create | Villager (Male) |
| 2:13 | Build | Lumber Camp |
| 2:36 | Create | Villager (Male) |
| 2:56 | Create | Villager (Male) |
| 2:57 | Create | Villager (Male) |
| 3:17 | Build | House |
| 3:20 | Build | Palisade Wall |
| 3:32 | Create | Villager (Male) |
| 3:58 | Create | Villager (Male) |
| 3:59 | Create | Villager (Male) |
| 5:00 | Build | House |
| 5:15 | Create | Villager (Male) |
| 5:17 | Build | Palisade Wall |
| 5:48 | Create | Villager (Male) |
| 6:04 | Build | Palisade Wall |
| 6:08 | Create | Villager (Male) |
| 6:22 | Build | Mill |
| 6:26 | Build | Palisade Wall |
| 6:31 | Build | Palisade Wall |
| 6:50 | Research | Feudal Age |
| 6:50 | Research | Feudal Age |
| 6:50 | Research | Feudal Age |
| 6:56 | Build | House |
| 7:05 | Research | Loom |
| 7:41 | Create | Villager (Male) |
| 8:05 | Build | Barracks |
| 8:07 | Build | Palisade Wall |
| 8:49 | Build | Palisade Wall |
| 8:49 | Build | Palisade Wall |
| 8:50 | Build | Palisade Wall |
| 8:51 | Build | Palisade Wall |
| 9:00 | Age | Feudal Age |
| 9:02 | Research | Double-Bit Axe |
| 9:02 | Research | Horse Collar |
| 9:03 | Create | Spearman |
| 9:21 | Build | Archery Range |
| 9:23 | Build | Palisade Wall |
| 9:25 | Build | Palisade Wall |
| 9:26 | Create | Villager (Male) |
| 9:30 | Create | Villager (Male) |
| 9:57 | Build | Farm |
| 10:05 | Build | Palisade Wall |
| 10:13 | Create | Skirmisher |
| 10:17 | Create | Villager (Male) |
| 10:19 | Build | Farm |
| 10:34 | Build | Farm |
| 10:36 | Create | Villager (Male) |
| 10:41 | Build | House |
| 10:55 | Build | Farm |
| 11:01 | Create | Villager (Male) |
| 11:19 | Build | Farm |
| 11:36 | Build | Farm |
| 11:45 | Create | Villager (Male) |
| 11:49 | Create | Spearman |
| 11:56 | Create | Villager (Male) |
| 12:05 | Build | Mining Camp |
| 12:17 | Create | Villager (Male) |
| 12:24 | Build | Farm |
| 12:42 | Build | Farm |
| 12:52 | Create | Archer |
| 12:56 | Create | Spearman |
| 13:01 | Create | Villager (Male) |
| 13:05 | Build | House |
| 13:08 | Build | Palisade Wall |
| 13:09 | Build | Palisade Wall |
| 13:12 | Create | Spearman |
| 13:18 | Build | Palisade Wall |
| 13:21 | Create | Archer |
| 13:25 | Create | Villager (Male) |
| 13:28 | Create | Villager (Male) |
| 13:29 | Build | House |
| 13:32 | Build | Palisade Wall |
| 13:34 | Build | Palisade Wall |
| 13:48 | Create | Spearman |
| 13:50 | Create | Archer |
| 14:15 | Create | Villager (Male) |
| 14:26 | Build | Blacksmith |
| 14:34 | Build | Blacksmith |
| 14:56 | Create | Villager (Male) |
| 15:16 | Create | Archer |
| 15:21 | Research | Castle Age |
| 15:21 | Research | Castle Age |
| 15:22 | Build | Palisade Wall |
| 15:24 | Build | Palisade Wall |
| 15:33 | Build | Archery Range |
| 15:46 | Build | House |
| 15:51 | Build | Palisade Wall |
| 15:51 | Build | Palisade Wall |
| 15:52 | Build | Palisade Wall |
| 15:54 | Build | Palisade Wall |
| 16:06 | Create | Archer |
| 16:08 | Research | Fletching |
| 16:08 | Research | Fletching |
| 16:21 | Build | House |
| 16:24 | Create | Archer |
| 16:24 | Research | Gold Mining |
| 16:25 | Research | Gold Mining |
| 16:26 | Create | Archer |
| 16:31 | Build | House |
| 16:50 | Build | House |
| 16:55 | Create | Archer |
| 17:01 | Create | Archer |
| 17:36 | Create | Archer |
| 17:36 | Create | Archer |
| 17:45 | Research | Horse Collar |
| 17:46 | Build | Farm |
| 17:48 | Create | Villager (Male) |
| 17:53 | Create | Villager (Male) |
| 18:01 | Create | Archer |
| 18:01 | Create | Archer |
| 18:01 | Age | Castle Age |
| 18:06 | Research | Bodkin Arrow |
| 18:06 | Research | Bodkin Arrow |
| 18:13 | Build | Town Center |
| 18:25 | Create | Villager (Male) |
| 18:29 | Research | Town Watch |
| 18:30 | Build | House |
| 18:32 | Build | House |
| 18:50 | Build | Farm |
| 18:54 | Build | Farm |
| 19:10 | Research | Crossbowman (upgrade) |
| 19:13 | Build | Farm |
| 19:14 | Create | Archer |
| 19:15 | Create | Archer |
| 19:15 | Create | Archer |
| 19:30 | Build | Farm |
| 19:31 | Create | Villager (Male) |
| 19:31 | Create | Villager (Male) |
| 19:45 | Create | Archer |
| 19:46 | Create | Archer |
| 19:50 | Create | Villager (Male) |
| 19:51 | Create | Villager (Male) |
| 19:51 | Build | Farm |
| 19:56 | Create | Archer |
| 20:04 | Build | Farm |
| 20:05 | Create | Villager (Male) |
| 20:06 | Build | Farm |
Build order — Moneimon
First 150 of 176 actions detected
| 0:00 | Create | Villager (Male) |
| 0:01 | Create | Villager (Male) |
| 0:02 | Build | House |
| 0:03 | Build | House |
| 0:11 | Create | Villager (Male) |
| 0:11 | Create | Villager (Male) |
| 0:11 | Create | Villager (Male) |
| 1:24 | Create | Villager (Male) |
| 1:24 | Create | Villager (Male) |
| 2:01 | Build | Lumber Camp |
| 2:05 | Create | Villager (Male) |
| 2:05 | Create | Villager (Male) |
| 2:24 | Create | Villager (Male) |
| 2:25 | Create | Villager (Male) |
| 2:52 | Create | Villager (Male) |
| 2:53 | Create | Villager (Male) |
| 3:12 | Create | Villager (Male) |
| 3:12 | Create | Villager (Male) |
| 3:26 | Build | House |
| 3:39 | Create | Villager (Male) |
| 3:40 | Create | Villager (Male) |
| 3:58 | Create | Villager (Male) |
| 4:15 | Build | Mill |
| 4:24 | Create | Villager (Male) |
| 4:24 | Create | Villager (Male) |
| 4:40 | Create | Villager (Male) |
| 4:41 | Create | Villager (Male) |
| 4:51 | Create | Villager (Male) |
| 4:51 | Create | Villager (Male) |
| 4:51 | Create | Villager (Male) |
| 5:25 | Create | Villager (Male) |
| 5:56 | Build | Donjon |
| 6:09 | Research | Loom |
| 6:32 | Research | Feudal Age |
| 8:41 | Build | House |
| 8:45 | Create | Villager (Male) |
| 8:51 | Age | Feudal Age |
| 8:57 | Create | Villager (Male) |
| 9:06 | Build | Stable |
| 9:12 | Build | Palisade Wall |
| 9:14 | Research | Double-Bit Axe |
| 9:15 | Research | Horse Collar |
| 9:17 | Create | Villager (Male) |
| 9:20 | Build | Palisade Wall |
| 9:22 | Build | Palisade Wall |
| 9:30 | Create | Spearman |
| 9:38 | Create | Villager (Male) |
| 9:49 | Build | House |
| 9:50 | Build | Palisade Wall |
| 9:51 | Build | Palisade Wall |
| 10:01 | Build | Farm |
| 10:03 | Build | Farm |
| 10:05 | Create | Villager (Male) |
| 10:10 | Create | Scout Cavalry |
| 10:11 | Create | Scout Cavalry |
| 10:23 | Build | House |
| 10:37 | Build | Farm |
| 10:45 | Research | Town Watch |
| 10:47 | Create | Scout Cavalry |
| 11:03 | Build | Palisade Wall |
| 11:06 | Build | Palisade Wall |
| 11:09 | Build | Palisade Wall |
| 11:17 | Create | Villager (Male) |
| 11:19 | Build | Farm |
| 11:21 | Build | Farm |
| 11:25 | Create | Villager (Male) |
| 11:28 | Build | Farm |
| 11:30 | Create | Villager (Male) |
| 11:41 | Create | Villager (Male) |
| 11:46 | Build | Palisade Gate |
| 11:52 | Build | House |
| 11:56 | Build | House |
| 11:59 | Build | Palisade Wall |
| 12:05 | Create | Villager (Male) |
| 12:43 | Create | Villager (Male) |
| 12:44 | Build | Farm |
| 12:46 | Build | Farm |
| 12:56 | Create | Villager (Male) |
| 13:08 | Create | Villager (Male) |
| 13:10 | Build | Farm |
| 13:26 | Create | Villager (Male) |
| 13:27 | Build | Farm |
| 13:42 | Build | Farm |
| 13:54 | Build | Mining Camp |
| 14:42 | Build | Farm |
| 14:59 | Build | Blacksmith |
| 15:04 | Create | Villager (Male) |
| 15:19 | Build | Farm |
| 15:20 | Build | House |
| 15:31 | Build | House |
| 15:31 | Build | House |
| 15:33 | Build | House |
| 15:47 | Create | Villager (Male) |
| 16:12 | Build | Lumber Camp |
| 16:25 | Build | Farm |
| 16:30 | Build | Farm |
| 16:43 | Research | Castle Age |
| 16:43 | Research | Castle Age |
| 17:00 | Build | Archery Range |
| 17:03 | Research | Padded Archer Armor |
| 17:09 | Build | House |
| 17:27 | Build | Palisade Wall |
| 17:30 | Build | House |
| 17:30 | Build | House |
| 17:52 | Research | Fletching |
| 17:54 | Create | Skirmisher |
| 18:04 | Create | Skirmisher |
| 18:35 | Create | Skirmisher |
| 18:57 | Create | Skirmisher |
| 19:14 | Create | Skirmisher |
| 19:23 | Age | Castle Age |
| 19:34 | Build | Town Center |
| 19:36 | Research | Elite Skirmisher (upgrade) |
| 19:36 | Research | Elite Skirmisher (upgrade) |
| 19:40 | Create | Villager (Male) |
| 19:43 | Research | Bow Saw |
| 19:45 | Create | Villager (Male) |
| 19:59 | Create | Scout Cavalry |
| 20:20 | Research | Bodkin Arrow |
| 20:20 | Research | Bodkin Arrow |
| 20:47 | Create | Villager (Male) |
| 20:49 | Build | House |
| 20:54 | Create | Skirmisher |
| 21:16 | Create | Skirmisher |
| 21:21 | Create | Skirmisher |
| 21:29 | Create | Skirmisher |
| 21:30 | Create | Villager (Male) |
| 21:41 | Build | Market |
| 21:48 | Build | Farm |
| 21:49 | Build | Farm |
| 21:59 | Create | Villager (Male) |
| 22:00 | Build | Farm |
| 22:06 | Build | Farm |
| 22:07 | Build | Farm |
| 22:14 | Create | Villager (Male) |
| 22:20 | Build | House |
| 22:37 | Create | Villager (Male) |
| 22:39 | Build | Farm |
| 22:40 | Build | Monastery |
| 22:45 | Create | Knight |
| 23:11 | Research | Leather Archer Armor |
| 23:11 | Research | Leather Archer Armor |
| 23:19 | Build | Farm |
| 23:38 | Build | Farm |
| 23:38 | Build | House |
| 23:40 | Create | Villager (Male) |
| 23:56 | Build | Town Center |
| 24:02 | Create | Villager (Male) |
| 24:14 | Create | Villager (Male) |
| 24:14 | Create | Villager (Male) |
Match timeline
| 3:20 | LE | Dimo · wall_segment Palisade Wall x5 |
| 5:17 | LE | Dimo · wall_segment Palisade Wall x9 |
| 5:56 | Moneimon · first_building Donjon |
| 6:04 | LE | Dimo · wall_segment Palisade Wall x4 |
| 6:26 | LE | Dimo · wall_segment Palisade Wall x2 |
| 6:31 | LE | Dimo · wall_segment Palisade Wall x1 |
| 8:05 | LE | Dimo · first_building Barracks |
| 8:07 | LE | Dimo · wall_segment Palisade Wall x1 |
| 8:49 | LE | Dimo · wall_segment Palisade Wall x1 |
| 8:49 | LE | Dimo · wall_segment Palisade Wall x1 |
| 8:50 | LE | Dimo · wall_segment Palisade Wall x1 |
| 8:51 | Moneimon · age_up feudal |
| 8:51 | LE | Dimo · wall_segment Palisade Wall x1 |
| 9:00 | LE | Dimo · age_up feudal |
| 9:06 | Moneimon · first_building Stable |
| 9:12 | Moneimon · wall_segment Palisade Wall x1 |
| 9:20 | Moneimon · wall_segment Palisade Wall x7 |
| 9:21 | LE | Dimo · first_building Archery Range |
| 9:22 | Moneimon · wall_segment Palisade Wall x1 |
| 9:23 | LE | Dimo · wall_segment Palisade Wall x1 |
| 9:25 | LE | Dimo · wall_segment Palisade Wall x1 |
| 9:50 | Moneimon · wall_segment Palisade Wall x4 |
| 9:51 | Moneimon · wall_segment Palisade Wall x1 |
| 10:05 | LE | Dimo · wall_segment Palisade Wall x8 |
| 11:03 | Moneimon · wall_segment Palisade Wall x1 |
| 11:06 | Moneimon · wall_segment Palisade Wall x1 |
| 11:09 | Moneimon · wall_segment Palisade Wall x1 |
| 11:59 | Moneimon · wall_segment Palisade Wall x9 |
| 13:08 | LE | Dimo · wall_segment Palisade Wall x1 |
| 13:09 | LE | Dimo · wall_segment Palisade Wall x1 |
| 13:18 | LE | Dimo · wall_segment Palisade Wall x1 |
| 13:32 | LE | Dimo · wall_segment Palisade Wall x1 |
| 13:34 | LE | Dimo · wall_segment Palisade Wall x1 |
| 15:22 | LE | Dimo · wall_segment Palisade Wall x1 |
| 15:24 | LE | Dimo · wall_segment Palisade Wall x1 |
| 15:51 | LE | Dimo · wall_segment Palisade Wall x1 |
| 15:51 | LE | Dimo · wall_segment Palisade Wall x1 |
| 15:52 | LE | Dimo · wall_segment Palisade Wall x1 |
| 15:54 | LE | Dimo · wall_segment Palisade Wall x1 |
| 17:00 | Moneimon · first_building Archery Range |
| 17:27 | Moneimon · wall_segment Palisade Wall x7 |
| 18:01 | LE | Dimo · age_up castle |
| 19:23 | Moneimon · age_up castle |
| 20:51 | LE | Dimo · first_building Monastery |
| 21:27 | LE | Dimo · first_building Siege Workshop |
| 22:40 | Moneimon · first_building Monastery |
| 23:10 | LE | Dimo · first_market_buy 100 food |
| 23:49 | Moneimon · first_market_sell 100 wood |
| 23:50 | Moneimon · first_market_buy 100 stone |
| 25:47 | LE | Dimo · wall_segment Palisade Wall x1 |
| 25:47 | LE | Dimo · wall_segment Palisade Wall x1 |
| 25:49 | LE | Dimo · wall_segment Palisade Wall x1 |
| 26:46 | Moneimon · resign |
[ AI ANALYSIS · 1 CREDIT ]
What really happened in this match?
Wolo.gg analyzes every decision: build order, eco, micro, common mistakes by bracket. Personalized analysis on WhatsApp or Discord in 30 seconds.
Civ guide
Lithuanians
Perfil
Dimo